 Dungeon Crawl Stone Soup version 0.28-a0-674-gdaf460b524 (webtiles) character file.

Game seed: 16168910371593805252

116 jasper the Slasher (level 4, -6/35 HPs)
             Began as a Demonspawn Cinder Acolyte on Oct 17, 2021.
             Was a Priest of Ignis.
             Mangled by a water moccasin (8 damage)
             ... on level 3 of the Dungeon.
             The game lasted 00:05:48 (3614 turns).

jasper the Slasher (Demonspawn Cinder Acolyte)      Turns: 3614, Time: 00:05:49

Health: -6/35      AC:  8    Str: 15    XL:     4   Next: 69%
Magic:  5/5        EV:  1    Int: 16    God:    Ignis [***...]
Gold:   91         SH:  9    Dex:  8    Spells: 5/5 levels left

rFire   + . .      SeeInvis .   a - -1 falchion (flame)
rCold   . . .      Faith    .   c - +0 tower shield
rNeg    . . .      Spirit   .   f - +0 chain mail
rPois   .          Reflect  .   (no helmet)
rElec   .          Harm     .   (no cloak)
rCorr   .          Rampage  .   (no gloves)
Will    +....                   (no boots)
Stlth   ..........              (no amulet)
HPRegen 0.11/turn               e - ring of willpower
MPRegen 0.09/turn               (no ring)

@: no status effects
A: claws 1, ignite blood 1
a: Renounce Religion, Sea of Fire, Foxfire Swarm, Rising Flame


You were on level 3 of the Dungeon.
You worshipped Ignis.
Ignis was most pleased with you.
You visited 1 branch of the dungeon, and saw 3 of its levels.

You collected 91 gold pieces.

Inventory:

Hand Weapons
 a - a -1 falchion of flaming (weapon)
 d - a +0 hunting sling
 g - a +2 whip of venom
 h - a +2 whip of flaming
Missiles
 i - 60 stones
 j - 8 poisoned darts (quivered)
Armour
 b - a +0 robe
 c - a +0 tower shield (worn)
 f - a +0 chain mail (worn)
Jewellery
 e - a ring of willpower (left claw)
 k - a ring of resist corrosion
Wands
 l - a wand of polymorph (2)


   Skills:
 - Level 3.0 Fighting
 + Level 5.0 Long Blades
 - Level 1.0 Spellcasting
 - Level 2.6 Fire Magic


You had 5 spell levels left.
You didn't know any spells.
Your spell library contained the following spells:

 Spells                   Type           Power      Damage    Failure   Level
 Scorch                   Fire           18%        2d6       100%        2
 Tukima's Dance           Hex            0%         N/A       100%        3
 Passage of Golubria      Tloc           0%         N/A       100%        4
 Yara's Violent Unravell  Hex/Tmut       0%         3d3       100%        5


Dungeon Overview and Level Annotations

Branches:
Dungeon (3/15)

Altars:

Shops:
D:1 =   D:2 (

Annotations:
D:3 Ijyb


Innate Abilities, Weirdness & Mutations

You have sharp fingernails.
Your demonic aura sometimes causes spilled blood to erupt in flames.


Message History

The foxfire hits Ijyb but does no damage.
Ijyb is heavily wounded.
The foxfire hits Ijyb.
Ijyb is heavily wounded.
The foxfire hits Ijyb but does no damage.
Ijyb is heavily wounded.
The foxfire hits Ijyb.
Ijyb is almost dead.
A water moccasin comes into view.
Ijyb drinks a potion.
Ijyb is healed!
Ijyb zaps a wand.
The bolt of acid hits you!!
Ouch! That really hurt!
* * * LOW HITPOINT WARNING * * *
You take 32 damage, and have 2/35 hp.
MASSIVE DAMAGE!!
You aren't carrying any scrolls.
Unknown command.
You aren't carrying any potions.
Flames leap up around you!
The water moccasin hisses angrily.
The foxfire hits the water moccasin.
The water moccasin is lightly wounded.
Ijyb hits you but does no damage.
You closely miss Ijyb.
Ijyb is heavily wounded.
The foxfire hits Ijyb.
Ijyb is heavily wounded.
The foxfire hits the water moccasin.
The water moccasin is moderately wounded.
The foxfire hits Ijyb but does no damage.
Ijyb is heavily wounded.
The foxfire hits Ijyb but does no damage.
Ijyb is heavily wounded.
The foxfire hits Ijyb but does no damage.
Ijyb is heavily wounded.
The foxfire hits Ijyb but does no damage.
Ijyb is heavily wounded.
The foxfire hits Ijyb but does no damage.
Ijyb is heavily wounded.
The water moccasin bites you!
You die...

..... ..... #. #.....
.##+# #..#.# .... #..#..
.. ... #..#.# #.# ..##
#..#.# #.# ..# ...#.#
#.# #####g##.##.#
#.##.###.###..§.@.......
#)†...........§##S#.##.#
#<####.........# .# #.#
#.........# ..
#.####.........# #..
....#####......# ..#
###.#####......# ...
#............# #.##
#.#####....).#


You could see a water moccasin and Ijyb.

Vanquished Creatures
  Jessica (D:3)
  3 gnolls (D:2)
  2 adders (D:2)
  3 dart slugs
  4 bats (D:1)
  2 endoplasms
  2 giant cockroaches
  2 goblins (D:1)
  3 jackals
  2 quokkas
  5 ball pythons
  A frilled lizard (D:3)
  5 kobolds
  3 rats
38 creatures vanquished.

Vanquished Creatures (others)
  64 foxfires
64 creatures vanquished.

Grand Total: 102 creatures vanquished

Notes
Turn   | Place    | Note
-------+----------+-------------------------------------------
     0 | D:1      | jasper the Demonspawn Cinder Acolyte began the quest for
                  | the Orb.
     0 | D:1      | Reached XP level 1. HP: 18/18 MP: 2/2
   162 | D:1      | Reached skill level 3 in Long Blades
   234 | D:1      | Found Zamporaf's Jewellery Shop.
   409 | D:1      | Gained mutation: Your demonic aura sometimes causes spilled
                  | blood to erupt in flames. [demonic ancestry]
   409 | D:1      | Reached XP level 2. HP: 21/24 MP: 3/3
  2266 | D:2      | Noticed a great orb of eyes
  2268 | D:2      | Found a faded altar of an unknown god.
  2274 | D:2      | Noticed an eye of devastation
  2274 | D:2      | Noticed a great orb of eyes
  2274 | D:2      | Noticed an eye of devastation
  2283 | D:2      | Reached skill level 4 in Long Blades
  2283 | D:2      | Gained mutation: You have sharp fingernails. [demonic
                  | ancestry]
  2283 | D:2      | Reached XP level 3. HP: 18/29 MP: 4/4
  2671 | D:2      | Reached XP level 4. HP: 24/35 MP: 5/5
  3113 | D:2      | Found Jeossiro's Antique Weapon Shoppe.
  3468 | D:3      | Noticed Jessica
  3522 | D:3      | Killed Jessica
  3523 | D:3      | Reached skill level 5 in Long Blades
  3610 | D:3      | Noticed Ijyb
  3612 | D:3      | Noticed a water moccasin
  3614 | D:3      | Mangled by a water moccasin

Illustrated notes

Levels and vault maps discovered:
D:1:      nicolae_arrival_washed_ashore, layout_loops_ring, serial_shops,
          nicolae_shop_waterfront, wad_floor_pattern_untrapped,
          kennysheep_small_spiral, st_stairs_13
D:2:      layout_basic, hellmonk_ecumenical_altar_watching_god, serial_shops,
          nicolae_shop_competitors_out_of_business
D:3:      layout_basic, gammafunk_ghost_split, serial_shops,
          nicolae_shop_statue_plus, amcnicky_mini_pool_small, uniq_jessica,
          uniq_terence, uniq_ijyb

Skill      XL: |  1  2  3  4 |
---------------+-------------+-----
Long Blades    | 3 4 5 |  5.0
Fighting       | |  3.0
Spellcasting   | |  1.0
Fire Magic     | |  2.6

Action                   |  1- 3 |  4- 6 || total
-------------------------+-------+-------++-------
Melee: Falchion          |    79 |    41 ||   120
Throw: Stone             |    24 |     4 ||    28
       Dart              |       |     3 ||     3
Invok: Foxfire Swarm     |     2 |     3 ||     5
  Use: Scroll            |     2 |     4 ||     6
Armor: Robe              |    41 |     5 ||    46
       Chain mail        |       |    21 ||    21
Dodge: Dodged            |    26 |     5 ||    31
Block: Tower shield      |    49 |    20 ||    69

Table legend: (Time is in decaauts)
 A = Elapsed time spent in this place.
 B = Non-inter-level travel time spent in this place.
 C = Inter-level travel time spent in this place.
 D = Time resting spent in this place.
 E = Time spent auto-exploring this place.
 F = Levels seen in this place.
 G = Mean time per level.
                   A        B        C        D        E       F      G
               +--------+--------+--------+--------+--------+-----+--------+
         Total |   3715 |   3575 |    140 |   1345 |   1654 |   3 | 1238.3 |
       Dungeon |   3715 |   3575 |    140 |   1345 |   1654 |   3 | 1238.3 |
               +--------+--------+--------+--------+--------+-----+--------+

Top non-repeatable levels by time:
     D:1: 1827 daAuts
     D:2: 1601 daAuts
     D:3: 286 daAuts
